 Dungeon Crawl Stone Soup version 0.23.2-1-ga50397a (webtiles) character file.

Game seed: 793621585484811307

3070 kae the Transmogrifier (level 9, -1/59 HPs)
             Began as a Demonspawn Transmuter on Apr 16, 2019.
             Slain by a hornet (4 damage)
             ... on level 8 of the Dungeon.
             The game lasted 00:10:46 (10054 turns).

kae the Transmogrifier (Demonspawn Transmuter)     Turns: 10054, Time: 00:10:46

Health: -1/59      AC:  7    Str: 11    XL:     9   Next: 58%
Magic:  10/15      EV: 16    Int: 15    God:
Gold:   502        SH:  0    Dex: 16    Spells: 5/16 levels left

rFire    . . .     SeeInvis .     - Unarmed
rCold    . . .     Gourm    +   (shield currently unavailable)
rNeg     . . .     Faith    .   b - +1 robe
rPois    .         Spirit   .   y - +2 helmet
rElec    .         Reflect  .   l - scarf {repulsion}
rCorr    .         Harm     .   (gloves currently unavailable)
MR       .....                  g - +0 pair of boots
Stlth    +.........             f - amulet of the gourmand
HPRegen  0.19/turn              (no ring)
MPRegen  0.14/turn              (no ring)

@: blade hands, slowed, repel missiles, very slow
A: hooves 1, repulsion field 3, demonic guardian 1
a: End Transformation


You were on level 8 of the Dungeon.
You were full.
You had blades for hands.
You visited 2 branches of the dungeon, and saw 9 of its levels.

You collected 502 gold pieces.

Inventory:

Hand Weapons
 e - a +0 short sword
Missiles
 a - 90 arrows
Armour
 b - a +1 robe (worn)
 g - a +0 pair of boots (worn)
 l - a scarf of repulsion (worn)
 y - a +2 helmet (worn)
Jewellery
 f - an amulet of the gourmand (around neck)
Wands
 u - a wand of flame (23)
 v - a wand of digging (5)
 C - a wand of random effects (12)
Scrolls
 m - a scroll of teleportation
 p - 2 scrolls of amnesia
 s - 3 scrolls of fog
 t - 3 scrolls of remove curse
 w - 2 scrolls of identify
 x - 2 scrolls of fear
 A - a scroll of blinking
 D - a scroll of enchant weapon {unknown}
Potions
 c - 2 potions of curing
 h - 3 potions of might
 i - 3 potions of brilliance
 j - 2 potions of invisibility
 k - a potion of heal wounds
 n - a potion of lignification {unknown}
 o - a potion of flight {unknown}
 q - a potion of mutation {unknown}
 r - a potion of haste {unknown}
 z - a potion of cancellation {unknown}
 B - a potion of magic {unknown}
Comestibles
 d - 12 rations


   Skills:
 - Level 1.0 Fighting
 - Level 1.7 Dodging
 * Level 7.1 Unarmed Combat
 + Level 4.0 Spellcasting
 - Level 10.0 Transmutations


You had 5 spell levels left.
You knew the following spells:

 Your Spells              Type           Power        Failure   Level  Hunger
a - Beastly Appendage     Tmut           ####..       10%         1    None
b - Sticks to Snakes      Tmut           ####....     11%         2    ##.....
c - Spider Form           Tmut/Pois      ###.......   38%         3    ###....
d - Blade Hands           Tmut           ####......   43%         5    ######.

Your spell library contained the following spells:

 Spells                   Type           Power        Failure   Level  Hunger
 Confusing Touch          Hex            #.....       61%         1    None
 Ice Form                 Ice/Tmut       ###.....     65%         4    ####...
 Petrify                  Tmut/Erth      ###.....     65%         4    ####...
 Confuse                  Hex            #.......     86%         3    ###....
 Gell's Gravitas          Tloc           #.........   86%         3    ###....
 Yara's Violent Unravell  Hex/Tmut       ###.......   89%         5    ######.
 Metabolic Englaciation   Hex/Ice        #.........   100%        5    ######.


Dungeon Overview and Level Annotations

Branches:
Dungeon (8/15)             Temple (1/1) D:4
   Lair: D:8-11

Altars:
Cheibriados
Dithmenos
Elyvilon
Fedhas
Gozag
Hepliaklqana
Kikubaaqudgha
Makhleb
Nemelex Xobeh
Qazlal
Ru
Sif Muna
Trog
Vehumet
Xom
Yredelemnul
Zin
The Shining One

Shops:
D:8 (

Annotations:
D:7 Maurice
D:8 exclusion: wight


Innate Abilities, Weirdness & Mutations

You have large cloven feet.
You are surrounded by a strong repulsion field. (EV +4, RMsl)
A weak demonic guardian rushes to your aid.


Message History

Confirm with . or Enter, or press ? or * to list all spells.
Your hands turn into razor-sharp scythe blades.
The electric eel shoots out a bolt of lightning at you!
The bolt of electricity hits you!
The electric eel shoots out a bolt of lightning at you!
The bolt of electricity hits you!
A hornet comes into view.
The hornet buzzes angrily.
You slice the electric eel!!
You kill the electric eel!
Your Spellcasting skill increases to level 4!
You slash the hornet!
The hornet is moderately wounded.
The hornet stings you!
* * * LOW HITPOINT WARNING * * *
You feel yourself slow down.
You slice the hornet!!
The hornet is almost dead.
The hornet stings you.
You die...

#♣≈≈♣≈P≈P≈≈≈≈≈≈≈≈≈≈≈≈;≈P≈;P≈
#≈♣≈≈≈≈≈≈≈≈≈≈≈≈≈≈≈≈≈≈ §≈PP≈
##.♣♣≈≈≈≈≈≈≈≈≈≈≈≈≈≈≈≈≈≈≈≈P≈
##..#♣≈≈≈P♣≈≈≈≈≈≈≈≈≈≈≈≈≈≈≈≈
......≈≈≈≈≈≈≈≈≈≈≈≈≈≈♣≈≈♣PP♣♣♣#
##......≈♣♣≈♣♣≈≈≈≈K≈≈≈≈♣≈ ♣≈P#
......###≈≈♣♣≈≈♣ ♣;♣♣ ♣P♣ #..#
####'### ....≈♣y♣♣♣)♣ #.###.##
#......## #...@.(## #.....#
........# #^##....# #.#####
...♣♣...# #.##..5.# #.#
..♣♣♣♣..### #.##....###.#
..♣♣♣♣..'.###.##.....##.#
...♣♣...#.∩.....####.##.#
........#####.#..# #.##.#
#......## #.##..##.##.####
###+#### #.# #.#..(.....#


You could see a hornet and a friendly shadow imp.

Vanquished Creatures
  A two-headed ogre (D:5)
  A spriggan (D:7)
  Edmund (D:4)
  A water moccasin (D:7)
  2 sky beasts (D:7)
  An ogre (D:7)
  An ice beast (D:7)
  2 phantoms
  2 centaurs (D:7)
  A big kobold (D:8)
  4 bullfrogs
  4 howler monkeys
  2 crimson imps
  2 electric eels (D:8)
  3 hounds
  2 orc priests
  A bullfrog skeleton (D:7)
  2 iguanas
  4 orc wizards
  4 worker ants
  A worker ant zombie (D:5)
  4 gnolls (D:7)
  4 adders
  2 shadow imps
  3 oozes
  2 adder skeletons (D:6)
  3 worms
  A dart slug (D:1)
  5 leopard geckos
  20 orcs
  A ball python (D:5)
  6 giant cockroaches
  14 goblins
  13 hobgoblins
  4 jackals (D:3)
  2 quokkas (D:6)
  7 bats
  7 frilled lizards
  9 kobolds
  A leopard gecko skeleton (D:6)
  2 quokka skeletons
  7 rats
  2 plants (D:8)
161 creatures vanquished.

Vanquished Creatures (collateral kills)
  An ogre (D:4)
  A centaur (D:5)
  A bullfrog (D:5)
  A crimson imp (D:5)
  A bullfrog skeleton (D:4)
  2 hounds (D:4)
  3 orc wizards
  2 orcs (D:3)
  A leopard gecko skeleton (D:7)
13 creatures vanquished.

Grand Total: 174 creatures vanquished

Notes
Turn   | Place    | Note
-------+----------+-------------------------------------------
     0 | D:1      | kae the Demonspawn Transmuter began the quest for the Orb.
     0 | D:1      | Reached XP level 1. HP: 15/15 MP: 3/3
    52 | D:1      | Reached skill level 2 in Transmutations
   242 | D:1      | Gained mutation: You are surrounded by a mild repulsion
                  | field. (EV +2) [demonic ancestry]
   242 | D:1      | Reached XP level 2. HP: 15/21 MP: 3/5
   556 | D:1      | Reached skill level 3 in Transmutations
   758 | D:1      | Reached XP level 3. HP: 14/26 MP: 4/6
  1701 | D:2      | Learned a level 2 spell: Sticks to Snakes
  1705 | D:2      | Learned a level 3 spell: Spider Form
  1762 | D:2      | Found a sparkling altar of Nemelex Xobeh.
  2631 | D:2      | Gained mutation: You have large cloven feet. [demonic
                  | ancestry]
  2631 | D:2      | Reached XP level 4. HP: 25/32 MP: 3/7
  2776 | D:2      | Reached skill level 4 in Transmutations
  3587 | D:3      | Gained mutation: A weak demonic guardian rushes to your
                  | aid. [demonic ancestry]
  3587 | D:3      | Reached XP level 5. HP: 12/37 MP: 5/8
  3590 | D:3      | Reached skill level 5 in Transmutations
  4036 | D:3      | Found a sacrificial altar of Ru.
  4091 | D:3      | Found a glowing golden altar of the Shining One.
  4553 | D:4      | Found a staircase to the Ecumenical Temple.
  4557 | D:4      | Noticed Edmund
  4574 | D:4      | Killed Edmund
  4574 | D:4      | Reached skill level 6 in Transmutations
  4574 | D:4      | Gained mutation: You are surrounded by a moderate repulsion
                  | field. (EV +3) [demonic ancestry]
  4574 | D:4      | Reached XP level 6. HP: 30/43 MP: 3/9
  4672 | Temple   | Entered the Ecumenical Temple
  5182 | D:4      | Reached skill level 7 in Transmutations
  5182 | D:4      | Gained mutation: You are surrounded by a strong repulsion
                  | field. (EV +4, RMsl) [demonic ancestry]
  5182 | D:4      | Reached XP level 7. HP: 22/48 MP: 7/10
  5444 | D:5      | Entered Level 5 of the Dungeon
  5811 | D:5      | Noticed a two-headed ogre
  5951 | D:5      | Killed a two-headed ogre
  5951 | D:5      | Reached skill level 9 in Transmutations
  5951 | D:5      | Reached XP level 8. HP: 25/54 MP: 8/11
  6230 | D:5      | Learned a level 5 spell: Blade Hands
  7328 | D:6      | Found a glowing golden altar of the Shining One.
  7470 | D:6      | Found a white marble altar of Elyvilon.
  7471 | D:6      | Found a bloodstained altar of Trog.
  8129 | D:7      | Reached skill level 10 in Transmutations
  8186 | D:7      | Reached skill level 5 in Unarmed Combat
  8217 | D:7      | Reached XP level 9. HP: 59/59 MP: 6/12
  9408 | D:8      | Noticed Maurice
  9761 | D:8      | Found Lomusch's Weapon Boutique.
 10053 | D:8      | HP: 2/59 [hornet (16)]
 10054 | D:8      | Slain by a hornet

Skill      XL: |  1  2  3  4  5  6  7  8  9 |
---------------+----------------------------+-----
Transmutations | 2 3 4 6 7 9 10 | 10.0
Unarmed Combat | 5 7 |  7.1
Spellcasting   | 4 |  4.0
Fighting       | |  1.0
Dodging        | |  1.7

Action                   |  1- 3 |  4- 6 |  7- 9 || total
-------------------------+-------+-------+-------++-------
Melee: Unarmed           |    21 |    45 |   258 ||   324
       Short sword       |   135 |       |       ||   135
       Kick              |     2 |       |       ||     2
       Headbutt          |    10 |       |       ||    10
       Hand axe          |    11 |   101 |   157 ||   269
       Punch             |     1 |     1 |    15 ||    17
 Cast: Beastly Appendage |    22 |       |       ||    22
       Spider Form       |     1 |     6 |     6 ||    13
       Sticks to Snakes  |       |     3 |     1 ||     4
       Blade Hands       |       |       |    11 ||    11
Evoke: Wand              |       |       |    10 ||    10
  Use: Scroll            |     3 |     5 |     6 ||    14
       Potion            |       |       |     1 ||     1
 Stab: Sleeping          |       |     2 |       ||     2
       Distracted        |       |     1 |     2 ||     3
  Eat: Chunk             |     5 |    21 |    20 ||    46
Armor: Robe              |    24 |    20 |    67 ||   111
       Skin              |       |     1 |     1 ||     2
Dodge: Dodged            |   129 |   114 |   264 ||   507
       Deflected         |     1 |       |     4 ||     5
